 Dungeon Crawl Stone Soup version 0.17-a0-1404-gb8113a6 (webtiles) character file.

1033 wvc the Chiller (level 8, 0/48 HPs)
             Began as an Octopode Transmuter on June 21, 2015.
             Was a Believer of Vehumet.
             Shot with an arrow by a centaur (10 damage)
             ... on level 4 of the Dungeon.
             The game lasted 00:13:41 (5531 turns).

wvc the Chiller (Octopode Transmuter)               Turns: 5531, Time: 00:13:41

Health: 0/48       AC:  2    Str: 10    XL:     8   Next: 24%
Magic:  10/13      EV: 25    Int: 17    God:    Vehumet [**....]
Gold:   222        SH:  0    Dex: 17    Spells: 4 memorised, 4 levels left

rFire  . . .     SeeInvis .       - Unarmed
rCold  . . .     Clarity  .     (shield currently unavailable)
rNeg   . . .     SustAt   .     (helmet currently unavailable)
rPois  x         Gourm    .     s - amulet of resist corrosion
rElec  .         Spirit   .     m - +5 ring of evasion
rCorr  +         Warding  .     (no ring)
rMut   .         Stasis   .     (no ring)
MR     .....                    (no ring)
Stlth  ++........               (no ring)
                                (no ring)
                                (no ring)
                                (no ring)

@: spider-form, not resistant to hostile enchantments, unstealthy
A: almost no armour, amphibious, 8 rings, (constrict 8), (camouflage 0),
(gelatinous body 0)
a: End Transformation, Renounce Religion


You were on level 4 of the Dungeon.
You worshipped Vehumet.
Vehumet was pleased with you.
You were not hungry.
You were a venomous arachnid creature.
You visited 1 branch of the dungeon, and saw 5 of its levels.

You collected 222 gold pieces.

Inventory:

Hand weapons
 p - a +3 trident of freezing
 q - a cursed +0 whip
 u - a +0 blowgun
 A - a +2 dagger of draining
Missiles
 a - 52 arrows
 e - 170 stones (quivered)
 i - 42 poisoned needles
Jewellery
 m - a +5 ring of evasion (left front leg)
 s - an amulet of resist corrosion (around neck)
Magical devices
 o - a wand of flame (21)
 v - a wand of draining (8)
Scrolls
 l - a scroll of enchant armour
 w - a scroll of recharging
 y - a scroll of identify
 z - a scroll of magic mapping {unknown}
Potions
 d - 2 potions of agility
 g - a potion of flight
 h - 2 potions of poison {unknown}
 j - a potion of might
 k - a potion of cure mutation {unknown}
 n - a potion of brilliance {unknown}
 r - a potion of magic {unknown}
 t - a potion of berserk rage
 B - a potion of curing {unknown}
Books
 b - a book of Changes

   Spells                             Type                      Level
   a - Beastly Appendage              Transmutation                1
   b - Sticks to Snakes               Transmutation                2
   c - Spider Form                    Transmutation/Poison         3
   d - Ice Form                       Ice/Transmutation            4
   e - Blade Hands                    Transmutation                5
Comestibles
 c - 3 bread rations
 f - 3 fruits
 x - a beef jerky
 C - a chunk of flesh


   Skills:
 - Level 1.3 Fighting
 - Level 2.2 Dodging
 - Level 3.5 Unarmed Combat
 - Level 3.8 Spellcasting
 - Level 4.0 Transmutations
 * Level 7.2 Ice Magic
 - Level 0.2 Poison Magic


You had 4 spell levels left.
You knew the following spells:

 Your Spells              Type           Power        Failure   Level  Hunger
a - Beastly Appendage     Trmt           ###...       10%         1    None
b - Sticks to Snakes      Trmt           ###.......   14%         2    ##.....
c - Spider Form           Trmt/Pois      ##........   41%         3    ###....
d - Ice Form              Ice/Trmt       ###.....     36%         4    ####...


Dungeon Overview and Level Annotations

Branches:
Dungeon (5/15)
 Temple: D:4-7

Altars:
Ashenzari
Dithmenos
Gozag
Makhleb
Nemelex Xobeh
Trog
Vehumet


Innate Abilities, Weirdness & Mutations

You cannot wear most types of armour.
You are amphibious.
You can wear up to eight rings at the same time.
((You can use your tentacles to constrict eight enemies at once.))
((Your skin changes colour to match your surroundings (Stealth).))
((Your rubbery body absorbs attacks (AC +1).))


Message History

Items here: )))) [[ ÷÷÷÷ † You butcher the orc corpse.
C - a chunk of flesh
Items here: )))) [[ ÷÷÷÷
There is a stone staircase leading up, spattered with blood here.
You start resting.
You climb upwards.
There is a stone staircase leading down here.
Things that are here:
a club; a hobgoblin skeleton A centaur comes into view.
The centaur wields a shortbow.
The centaur shoots an arrow.
The arrow hits you!
* * * LOW HITPOINT WARNING * * *
You see here an arrow.
You are too injured to fight recklessly!
Casting: Spider Form
Confirm with . or Enter, or press ? or * to list all spells.
You turn into a venomous arachnid creature.
The centaur shoots an arrow.
The arrow hits you!
You die...

........................)[..##...
.................................
...........#####.................
.................##...#....<.[...
.....######...c.......#..........
......................#..........
......................#....#.....
....................###....#.....
.....[..........s...#......#.)...
....................#............
....................#...........#
....................#...........#
.................................
................................#
).......###.....##.#.............
.................................
.................................


You could see a centaur.

Vanquished Creatures
  A phantom (D:4)
  A centaur (D:5)
  4 ogres
  2 orc wizards
  3 orc priests
  2 hounds
  A giant frog skeleton (D:5)
  7 adders
  11 gnolls
  An ooze (D:2)
  4 worms
  14 orcs
  6 bats
  A bat skeleton (D:4)
  2 giant cockroaches (D:2)
  11 hobgoblins
  7 jackals (D:1)
  10 kobolds
  4 giant newts
  11 goblins
  3 quokkas
  8 rats
114 creatures vanquished.

Notes
Turn   | Place    | Note
--------------------------------------------------------------
     0 | D:1      | wvc the Octopode Transmuter began the quest for the Orb.
     0 | D:1      | Reached XP level 1. HP: 13/13 MP: 3/3
   344 | D:1      | Reached XP level 2. HP: 4/18 MP: 3/5
   348 | D:1      | Learned a level 2 spell: Sticks to Snakes
  1351 | D:1      | Reached XP level 3. HP: 23/23 MP: 4/6
  1475 | D:2      | Reached XP level 4. HP: 8/28 MP: 6/8
  1859 | D:2      | Found a shadowy altar of Dithmenos.
  2158 | D:2      | Reached XP level 5. HP: 33/33 MP: 9/9
  2178 | D:2      | Found a shattered altar of Ashenzari.
  2195 | D:2      | Learned a level 3 spell: Spider Form
  3002 | D:3      | Found a faded altar to an unknown god.
  3011 | D:3      | Became a worshipper of Vehumet
  3011 | D:3      | Acquired Vehumet's first power
  3011 | D:3      | Offered knowledge of Sting by Vehumet.
  3388 | D:3      | Reached skill level 4 in Transmutations
  3396 | D:3      | Reached XP level 6. HP: 29/38 MP: 11/11
  3738 | D:4      | Learned a level 4 spell: Ice Form
  3780 | D:4      | Reached skill level 1 in Ice Magic
  4412 | D:4      | Found a burning altar of Makhleb.
  4498 | D:4      | Found an opulent altar of Gozag.
  4587 | D:4      | Found a bloodstained altar of Trog.
  4646 | D:4      | Reached XP level 7. HP: 26/43 MP: 9/12
  4932 | D:4      | Reached skill level 5 in Ice Magic
  5091 | D:5      | Entered Level 5 of the Dungeon
  5091 | D:5      | Found a sparkling altar of Nemelex Xobeh.
  5108 | D:5      | Reached skill level 6 in Ice Magic
  5115 | D:5      | Reached XP level 8. HP: 32/48 MP: 13/13
  5125 | D:5      | Offered knowledge of Throw Frost by Vehumet.
  5457 | D:5      | Reached skill level 7 in Ice Magic
  5531 | D:4      | Shot with an arrow by a centaur

Vault maps used:
D:1:      dpeg_arrival_sounds_slurp, corner_web_ring
D:2:      grunt_dithmenos_smoke_and_mirrors, nicolae_ashenzari_panopticon,
          first_bread, grunt_ministairs_6, grunt_decor_resistance
D:3:      ecumenical_altar_2, grunt_ministairs_1, kennysheep_potato
D:4:      old_standard_altar, kennysheep_mini_moat, bloody_trog
D:5:      kennysheep_mini, nicolae_overflow_crystal_walls,
          nemelex_xobeh_ov_fountains_minmay

Action                   |  1- 3 |  4- 6 |  7- 9 || total
-------------------------+-------+-------+-------++-------
Melee: Unarmed           |    66 |   176 |    95 ||   337
       Trident           |       |    34 |       ||    34
 Cast: Beastly Appendage |     8 |     4 |       ||    12
       Spider Form       |       |     7 |     6 ||    13
       Ice Form          |       |       |     1 ||     1
  Use: Scroll            |       |    12 |       ||    12
       Potion            |       |     1 |       ||     1
 Stab: Sleeping          |     2 |     5 |       ||     7
  Eat: Pizza             |     1 |     1 |       ||     2
       Chunk             |       |     6 |       ||     6
       Meat ration       |       |     1 |       ||     1
       Bread ration      |       |     1 |       ||     1
